 Dungeon Crawl Stone Soup version 0.31.0-11-ge490571c62 (webtiles) character file.

Game seed: 9713232160208682865

59 qw the Shooter (level 3, -1/20 HPs)
             Began as a Deep Elf Hunter on Feb 4, 2024.
             Slain by Terence
             ... wielding a +1 hand axe of electrocution
              (5 damage)
             ... on level 2 of the Dungeon.
             The game lasted 00:00:04 (790 turns).

qw the Shooter (Deep Elf Hunter)                     Turns: 790, Time: 00:00:04

Health: -1/20      AC:  5    Str: 10    XL:     3   Next: 78%
Magic:  5/5        EV: 11    Int: 13    God:
Gold:   59         SH:  0    Dex: 18    Spells: 2/2 levels left

rFire   . . .        a - +0 shortbow
rCold   . . .        (shield currently unavailable)
rNeg    . . .        f - +0 ring mail
rPois   .            (no helmet)
rElec   .            (no cloak)
rCorr   .            (no gloves)
SInv    .            (no boots)
Will    +....        (no amulet)
Stlth   +            e - ring of willpower
HPRegen 0.23/turn    (no ring)
MPRegen 0.09/turn

%: no passive effects
@: no status effects
A: no striking features
a: no special abilities


You were on level 2 of the Dungeon.
You visited 1 branch of the dungeon, and saw 2 of its levels.

You collected 59 gold pieces.


   Skills:
 - Level 1.5 Fighting
 + Level 7.3 Ranged Weapons
 - Level 2.4 Dodging
 - Level 1.2 Stealth


You had 2 spell levels left.
You didn't know any spells.
Your spell library was empty.

Inventory:

Hand Weapons
 a - a +0 shortbow (weapon)
Armour
 f - a +0 ring mail (worn)
Jewellery
 e - a ring of willpower (left hand)
Scrolls
 c - 3 scrolls of vulnerability {unknown}
 g - 3 scrolls of identify
Potions
 b - a potion of mutation {unknown}
 d - 2 potions of curing

Dungeon Overview and Level Annotations

Branches:
Dungeon (2/15)

Altars:

Annotations:
D:2 Terence


Message History

You shoot an arrow. The arrow hits the rat.
The rat is heavily wounded.
You shoot an arrow. The arrow hits the rat!
You kill the rat!
Terence and a giant cockroach come into view.
Terence is wielding a +1 hand axe of electrocution.
Terence shouts!
Terence asks, "Do you want it fast or slow?"
Terence moves out of view.
You shoot an arrow.
The arrow hits the giant cockroach but does no damage.
You shoot an arrow.
The arrow hits the giant cockroach but does no damage.
The giant cockroach closely misses you.
You shoot an arrow.
The arrow closely misses the giant cockroach.
The giant cockroach bites you but does no damage.
The giant cockroach bites you.
You shoot an arrow. The arrow closely misses Terence.
The giant cockroach misses you. Terence barely misses you.
You shoot an arrow.
The arrow hits Terence but does no damage.
The giant cockroach closely misses you. Terence barely misses you.
You shoot an arrow.
The arrow hits Terence but does no damage.
The giant cockroach bites you but does no damage.
Terence hits you with a +1 hand axe of electrocution.
The giant cockroach bites you but does no damage.
You shoot an arrow. The arrow barely misses Terence.
The giant cockroach bites you but does no damage.
Terence hits you with a +1 hand axe of electrocution.
You shoot an arrow. The arrow closely misses Terence.
The giant cockroach misses you.
Terence hits you with a +1 hand axe of electrocution.
The giant cockroach bites you but does no damage.
You shoot an arrow.
The arrow hits Terence but does no damage.
Terence hits you with a +1 hand axe of electrocution.
You die...
Terence says, "That felt goooood."

#.#..........# #.
#............###.
###..).........#.
##..........#...
######...........###.
##......#.........# ..
...##..#######......#.#.##
#......### #..........
##.###..@# ..######.# #.
###B@....# ..# # ..##....#
.# .### ...# .. ... ## .#
.


You could see Terence and a giant cockroach.

Vanquished Creatures
  3 gnolls
  3 bats (D:1)
  An endoplasm (D:1)
  A giant cockroach (D:1)
  5 goblins
  2 hobgoblins (D:1)
  2 quokkas (D:1)
  5 ball pythons (D:1)
  A frilled lizard (D:1)
  5 kobolds (D:1)
  2 rats
30 creatures vanquished.

Notes
Turn   | Place    | Note
-------+----------+-------------------------------------------
     0 | D:1      | qw the Deep Elf Hunter began the quest for the Orb.
     0 | D:1      | Reached XP level 1. HP: 12/12 MP: 3/3
     0 | D:1      | 0 ||| qw: Version: 0.3-a-160-g6735b56
     0 | D:1      | 0 ||| qw: Game counter: 4981
     0 | D:1      | 0 ||| qw: Melee chars always use a shield: true
     0 | D:1      | 0 ||| qw: God list: Okawaru
     0 | D:1      | 0 ||| qw: Allow faded altars: false
     0 | D:1      | 0 ||| qw: Do Orc after clearing Dungeon:15 true
     0 | D:1      | 0 ||| qw: Do second Lair branch before Depths: true
     0 | D:1      | 0 ||| qw: Lair rune preference: random
     0 | D:1      | 0 ||| qw: Goals: Normal
     0 | D:1      | 0 ||| PLANNING D:1-11
   119 | D:1      | Reached XP level 2. HP: 16/16 MP: 4/4
   136 | D:1      | Reached skill level 6 in Ranged Weapons
   447 | D:1      | 447 ||| UPGRADING to +0 ring mail.
   457 | D:1      | 457 ||| DROPPING +0 leather armour.
   458 | D:1      | 458 ||| UPGRADING to ring of willpower.
   459 | D:1      | 459 ||| READING 4 scrolls labelled KEUHAETHRUN.
   459 | D:1      | 459 ||| IDENTIFYING 2 purple potions
   460 | D:1      | 460 ||| DROPPING scroll of butterflies.
   482 | D:2      | 482 ||| STAIRDANCE
   486 | D:1      | HP: 3/16 [gnoll/+0 halberd (5)]
   488 | D:1      | Reached XP level 3. HP: 4/20 MP: 5/5
   558 | D:2      | 558 ||| STAIRDANCE
   563 | D:2      | 563 ||| STAIRDANCE
   567 | D:1      | Reached skill level 7 in Ranged Weapons
   583 | D:2      | 583 ||| STAIRDANCE
   607 | D:2      | 607 ||| STAIRDANCE
   632 | D:2      | 632 ||| STAIRDANCE
   678 | D:2      | 678 ||| STAIRDANCE
   781 | D:2      | Noticed Terence
   789 | D:2      | HP: 4/20 [Terence/+1 hand axe of electrocution (6)]
   790 | D:2      | Slain by Terence

Levels and vault maps discovered:
D:1:      dpeg_arrival_rooms_c, layout_rooms
D:2:      layout_rooms, serial_shops, nicolae_shop_hallway_plus,
          minmay_misc_feat_rugged, dk_vineyard_1, uniq_sigmund, uniq_terence

Skill      XL: |  1  2  3 |
---------------+----------+-----
Ranged Weapons | 6 7 |  7.3
Fighting       | |  1.5
Dodging        | |  2.4
Stealth        | |  1.2

Action                     || total
---------------------------++-------
   Fire: Shortbow          ||    93
    Use: Scroll            ||     1
 Armour: Leather armour    ||     6
         Ring mail         ||    22
  Dodge: Dodged            ||    30

Table legend:
 A = Non-vault XP
 B = Vault XP
 C = Vault XP percentage of total XP
 D = Non-vault monster count
 E = Vault monster count
 F = Vault count percentage of total count
                 A         B        C        D         E       F
            +---------+---------+-------+---------+---------+-------
      Total |      85 |       0 |   0.0 |      30 |       0 |   0.0
            +---------+---------+-------+---------+---------+-------
        D:1 |      69 |       0 |   0.0 |      27 |       0 |   0.0
        D:2 |      16 |       0 |   0.0 |       3 |       0 |   0.0
            +---------+---------+-------+---------+---------+-------
